 Dungeon Crawl Stone Soup version 0.24.0-13-gcf9b319 (webtiles) character file.

Game seed: 10249269518942798601, levelgen mode: deterministic

14471 Fang the Fighter (level 12, -5/120 HPs)
             Began as a Gargoyle Berserker on Nov 20, 2019.
             Was a High Priest of Trog.
             Slain by a 15-headed hydra (8 damage)
             ... on level 1 of the Lair of Beasts.
             The game lasted 00:13:46 (11277 turns).

Fang the Fighter (Gargoyle Berserker)              Turns: 11277, Time: 00:13:46

Health: -5/120     AC: 27    Str: 30    XL:     12   Next: 16%
Magic:  0/12       EV: 11    Int:  9    God:    Trog [*****.]
Gold:   873        SH:  0    Dex:  9    Spells: 11/11 levels left

rFire    . . .     SeeInvis +   a - +6 war axe (elec)
rCold    . . .     Gourm    .   (no shield)
rNeg     + + .     Faith    .   b - +0 plate armour
rPois    ∞         Spirit   +   u - +2 helmet
rElec    +         Reflect  .   p - scarf {Spirit}
rCorr    .         Harm     .   (no gloves)
MR       .....                  (no boots)
Stlth    ..........             l - amulet of rage
HPRegen  0.30/turn              k - ring of positive energy
MPRegen  0.13/turn              j - ring of see invisible

@: berserking (expiring), very quick
A: negative energy resistance 1, electricity resistance, unbreathing,
petrification resistance, rot immunity, AC +8
a: Berserk, Trog's Hand, Brothers in Arms, Renounce Religion, Evoke Berserk Rage


You were on level 1 of the Lair of Beasts.
You worshipped Trog.
Trog was extremely pleased with you.
You were near starving.

You visited 3 branches of the dungeon, and saw 14 of its levels.

You collected 873 gold pieces.

Inventory:

Hand Weapons
 a - a +6 war axe of electrocution (weapon)
 y - a +2 hand axe of flaming
Armour
 b - a +0 plate armour (worn)
 p - a scarf of spirit shield (worn)
 u - a +2 helmet (worn)
Jewellery
 j - a ring of see invisible (right hand)
 k - a ring of positive energy (left hand)
 l - an amulet of rage (around neck)
 n - an uncursed ring of stealth
 x - the ring of Acoiz {Ice rElec Str+2}
   (You found it on level 6 of the Dungeon)

   [ring of ice]

   It enhances your ice magic.
   It affects your strength (+2).
   It makes you vulnerable to fire.
   It protects you from cold.
   It insulates you from electricity.
Wands
 s - a wand of acid (8)
 v - a wand of enslavement (6)
 z - a wand of disintegration (9)
 B - a wand of flame (28)
Scrolls
 d - 6 scrolls of identify
 e - 2 scrolls of teleportation
 h - 5 scrolls of remove curse
 m - 2 scrolls of blinking
 q - 2 scrolls of fog
 r - 3 scrolls of magic mapping
 D - a scroll of enchant weapon
Potions
 f - a potion of mutation
 g - 3 potions of resistance
 i - a potion of cancellation
 o - 3 potions of might
 t - 2 potions of agility
 w - 3 potions of ambrosia
 C - a potion of flight
 E - 4 potions of curing
Comestibles
 c - 18 rations


   Skills:
 + Level 11.1 Fighting
 + Level 9.4 Axes
 + Level 10.8 Armour
 + Level 8.4 Dodging


You had 11 spell levels left.
You didn't know any spells.
Your spell library was empty.

Dungeon Overview and Level Annotations

Branches:
Dungeon (12/15)            Temple (1/1) D:6            Lair (1/6) D:9
    Orc (0/2) D:9

Altars:
Ashenzari
Cheibriados
Dithmenos
Elyvilon
Fedhas
Gozag
Hepliaklqana
Kikubaaqudgha
Makhleb
Nemelex Xobeh
Okawaru
Qazlal
Ru
Sif Muna
Trog
Uskayaw
Vehumet
Wu Jian
Xom
Yredelemnul
Zin
The Shining One

Shops:
D:7 [   D:11 !

Annotations:
D:7 2 transporters, meepyknight's ghost, novice GrFi


Innate Abilities, Weirdness & Mutations

You are resistant to torment.
Your stone body is resilient. (AC +8)
You are immune to poison.
You resist negative energy. (rN+)
You are resistant to electric shocks. (rElec)
You can survive without breathing.
You are immune to petrification.
You are immune to rotting.


Message History

The 14-headed hydra barely misses you.
You chop one of the 14-headed hydra's heads off!
The 13-headed hydra grows two more!
You slice the 15-headed hydra!!
The 15-headed hydra is almost dead.
You barely miss the 15-headed hydra.
The 15-headed hydra is almost dead.
The 15-headed hydra bites you.
* * * LOW HITPOINT WARNING * * *
The 15-headed hydra bites you.
* * * LOW HITPOINT WARNING * * *
The 15-headed hydra bites you but does no damage.
The 15-headed hydra bites you.
* * * LOW HITPOINT WARNING * * *
The 15-headed hydra bites you but does no damage.
The 15-headed hydra closely misses you.
The 15-headed hydra bites you but does no damage. x5
The 15-headed hydra bites you.
* * * LOW HITPOINT WARNING * * *
The 15-headed hydra bites you!
You die...

#.... . .. .... .....#
......... ...#.
......... .....
.....#.##.####..#
..>.#....(......#
...#.........D.#
#..#.........@.#
#..+........#..#
#..#........#..###..
#..#.................
####...........#†.......
#.##..##.#.P####........
........................
...####.................
...P# #.................


You could see a 15-headed hydra.

Vanquished Creatures
  4 two-headed ogres
  Pikel (D:8)
  An ugly thing (D:12)
  2 gargoyles
  A komodo dragon (D:9)
  A troll (D:9)
  Prince Ribbit (D:8)
  A hippogriff (D:7)
  3 hornets
  A spriggan (D:7)
  6 yaks (D:11)
  3 hungry ghosts
  Grum (D:8)
  2 vampire mosquitoes (D:12)
  2 water moccasins
  A porcupine (Lair:1)
  4 slaves (D:8)
  5 ice beasts
  5 orc warriors
  2 phantoms
  A black bear (D:10)
  5 centaurs
  4 wolves (D:8)
  3 ogres
  A crocodile (D:11)
  8 bullfrogs
  4 scorpions
  2 water moccasin skeletons (D:7)
  13 killer bees
  27 wights
  6 howler monkeys
  4 crimson imps
  A gnoll shaman (D:3)
  3 orc priests
  3 centaur zombies
  6 hounds
  A jelly (D:7)
  A centaur skeleton (D:6)
  12 orc wizards
  An iguana (D:10)
  Ijyb (D:5)
  6 worker ants
  5 hound zombies
  A hound skeleton (D:10)
  2 worker ant zombies
  A howler monkey skeleton (D:4)
  7 gnolls
  7 adders
  3 shadow imps
  An ooze (D:1)
  An adder zombie (D:2)
  An adder skeleton (D:2)
  5 worms
  2 dart slugs
  7 leopard geckos
  40 orcs
  8 bats
  A bat skeleton (D:2)
  A bat zombie (D:2)
  7 giant cockroaches
  10 goblins
  6 hobgoblins
  7 jackals (D:1)
  7 kobolds
  2 quokkas
  4 ball pythons
  5 frilled lizards
  A jackal zombie (D:2)
  A leopard gecko zombie (D:2)
  14 rats
317 creatures vanquished.

Vanquished Creatures (others)
  2 plants (D:9)
2 creatures vanquished.

Grand Total: 319 creatures vanquished

Notes
Turn   | Place    | Note
-------+----------+-------------------------------------------
     0 | D:1      | Fang the Gargoyle Berserker began the quest for the Orb.
     0 | D:1      | Reached XP level 1. HP: 14/14 MP: 1/1
    70 | D:1      | Reached XP level 2. HP: 18/19 MP: 2/2
   330 | D:1      | Reached XP level 3. HP: 23/23 MP: 3/3
   389 | D:1      | Found a glowing golden altar of the Shining One.
   472 | D:1      | Reached ** piety under Trog
   741 | D:2      | Reached XP level 4. HP: 20/29 MP: 4/4
   992 | D:2      | Reached skill level 4 in Fighting
  1316 | D:2      | Reached XP level 5. HP: 33/33 MP: 5/5
  1364 | D:2      | Reached *** piety under Trog
  2047 | D:3      | Noticed a phantom
  2082 | D:3      | Killed a phantom
  2082 | D:3      | Reached XP level 6. HP: 31/39 MP: 6/6
  3007 | D:4      | Reached skill level 5 in Fighting
  3007 | D:4      | Reached XP level 7. HP: 39/44 MP: 7/7
  3167 | D:4      | Reached **** piety under Trog
  3448 | D:4      | You fall into a shaft and drop 2 floors!
  3517 | D:6      | Reached skill level 5 in Armour
  3674 | D:6      | Reached XP level 8. HP: 37/51 MP: 4/8
  3725 | D:6      | Found a staircase to the Ecumenical Temple.
  3741 | D:6      | Reached skill level 6 in Fighting
  3764 | D:6      | Reached skill level 5 in Axes
  3905 | Temple   | Entered the Ecumenical Temple
  4261 | D:6      | Got a smoking tin ring
  4498 | D:5      | Entered Level 5 of the Dungeon
  4790 | D:5      | You fall into a shaft and drop 2 floors!
  4811 | D:7      | Reached XP level 9. HP: 29/56 MP: 5/9
  4815 | D:7      | Reached skill level 7 in Fighting
  4829 | D:7      | Reached skill level 5 in Dodging
  4956 | D:7      | Identified the ring of Acoiz {Ice rElec Str+2} (You found
                  | it on level 6 of the Dungeon)
  4999 | D:7      | Noticed a hornet
  5022 | D:7      | Killed a hornet
  5270 | D:7      | Reached ***** piety under Trog
  5634 | D:7      | Found Lyophire's Antique Armour Emporium.
  5726 | D:7      | Reached skill level 8 in Fighting
  5910 | D:7      | Paralysed by fainting for 5 turns
  5926 | D:7      | Paralysed by fainting for 12 turns
  5957 | D:7      | Reached XP level 10. HP: 53/64 MP: 10/10
  5985 | D:7      | Noticed meepyknight's ghost (novice GrFi)
  6088 | D:7      | Found a transporter.
  6092 | D:7      | Found a transporter.
  6532 | D:5      | Noticed Ijyb
  6556 | D:5      | Killed Ijyb
  6616 | D:5      | Found a shimmering blue altar of Sif Muna.
  7075 | D:8      | Found a shimmering blue altar of Sif Muna.
  7259 | D:8      | Received a gift from Trog
  7275 | D:8      | Noticed a two-headed ogre
  7282 | D:8      | Killed a two-headed ogre
  7374 | D:8      | Reached skill level 9 in Fighting
  7581 | D:8      | Noticed a moth of wrath
  7582 | D:8      | Noticed Prince Ribbit
  7584 | D:8      | Found a bloodstained altar of Trog.
  7598 | D:8      | Killed Prince Ribbit
  7881 | D:8      | Noticed Grum
  7898 | D:8      | Killed Grum
  7941 | D:8      | Noticed Pikel
  7955 | D:8      | Killed Pikel
  8011 | D:8      | Found a radiant altar of Vehumet.
  8264 | D:9      | Reached XP level 11. HP: 41/71 MP: 5/11
  8574 | D:9      | You fall into a shaft and drop 3 floors!
  8616 | D:12     | Noticed a green ugly thing
  8625 | D:12     | Killed a green ugly thing
  8786 | D:12     | Reached skill level 10 in Fighting
  8887 | D:12     | Noticed a two-headed ogre
  8894 | D:12     | Killed a two-headed ogre
  8976 | D:12     | Reached skill level 10 in Armour
  9247 | D:11     | Noticed a two-headed ogre
  9257 | D:11     | Killed a two-headed ogre
  9429 | D:11     | Found Ityris's Distillery.
  9727 | D:11     | Found a bloodstained altar of Trog.
 10112 | D:10     | Entered Level 10 of the Dungeon
 10216 | D:10     | Received a gift from Trog
 10601 | D:10     | Reached XP level 12. HP: 76/79 MP: 10/12
 10763 | D:9      | Noticed a two-headed ogre
 10772 | D:9      | Killed a two-headed ogre
 10772 | D:9      | Reached skill level 11 in Fighting
 10879 | D:9      | Found an ancient bone altar of Kikubaaqudgha.
 10940 | D:9      | Found a staircase to the Orcish Mines.
 10988 | D:9      | Found a staircase to the Lair.
 11055 | D:9      | Found a hide-covered altar of Uskayaw.
 11061 | D:9      | Found an opulent altar of Gozag.
 11061 | D:9      | Found a hazy altar of Hepliaklqana.
 11062 | D:9      | Found a sacrificial altar of Ru.
 11065 | D:9      | Found a white marble altar of Elyvilon.
 11171 | Lair:1   | Entered Level 1 of the Lair of Beasts
 11255 | Lair:1   | Noticed a five-headed hydra
 11277 | Lair:1   | HP: 5/120 [15-headed hydra (3)]
 11277 | Lair:1   | Slain by a 15-headed hydra

Levels and vault maps discovered:
D:1:      lemuel_arrival_muddy, layout_basic, minmay_misc_feat_cross, tso_altar
D:2:      layout_loops_corners, serial_undead, serial_undead_e, serial_undead_a,
          serial_undead_e, serial_undead_d
D:3:      layout_basic, first_ration
D:4:      layout_loops_ring
D:5:      layout_gridville, old_standard_altar, uniq_ijyb
D:6:      layout_loops_ring, minmay_temple_entry_mist
D:7:      layout_basic, serial_shops, shop, gammafunk_ghost_hive, the_bakery
D:8:      layout_loops_corners, lemuel_round_altar, tgw_trog, basic_altar,
          minmay_fountain_box, chequers_serial_rivers_micro_b,
          uniq_prince_ribbit1, uniq_grum, uniq_pikel
D:9:      layout_cave_pools, kennysheep_mini, minitemple, david_lair_shrubbed
D:10:     layout_irregular_city, serial_column_ruins,
          column_ruins_circle_medium, column_ruins_grid_1, column_ruins_grid_2,
          column_ruins_columns_corner, column_ruins_columns_straight,
          column_ruins_columns_straight
D:11:     layout_stronghold, serial_shops, shop_coins, gauntlet_entry_generic,
          basic_altar
D:12:     layout_big_octagon
Temple:   cyrus_circular_temple
Lair:1:   layout_chaotic_city

Skill      XL: |  1  2  3  4  5  6  7  8  9 10 11 12 |
---------------+-------------------------------------+-----
Axes           | 3 4 5 6 8 9 |  9.4
Dodging        | 2 3 4 5 7 8 |  8.4
Armour         | 3 4 5 6 7 9 10 | 10.8
Fighting       | 4 5 6 8 9 10 11 | 11.1

Action                   |  1- 3 |  4- 6 |  7- 9 | 10-12 || total
-------------------------+-------+-------+-------+-------++-------
Melee: Hand axe          |   117 |   303 |   673 |   169 ||  1262
       War axe           |       |       |       |   363 ||   363
Invok: Berserk           |       |     3 |     4 |     8 ||    15
       Trog's Hand       |       |       |     1 |       ||     1
  Use: Scroll            |       |       |       |    20 ||    20
 Stab: Sleeping          |     1 |       |       |       ||     1
  Eat: Chunk             |       |     9 |    11 |    28 ||    48
       Ration            |       |       |     4 |       ||     4
Armor: Animal skin       |    69 |    42 |       |       ||   111
       Chain mail        |       |   129 |   262 |       ||   391
       Plate armour      |       |       |   240 |   478 ||   718
Dodge: Dodged            |   105 |   152 |   348 |   338 ||   943
